 Dungeon Crawl Stone Soup version 0.17-a0-1504-gb7d9117 (webtiles) character file.

62 FakerFangirl the Firebug (level 4, 0/37 HPs)
             Began as a Naga Fire Elementalist on July 8, 2015.
             Slain by Crazy Yiuf
             ... wielding a +4 quarterstaff of chaos
              (1 damage)
             ... on level 2 of the Dungeon.
             The game lasted 00:26:15 (1894 turns).

FakerFangirl the Firebug (Naga Fire Elementalist)   Turns: 1894, Time: 00:26:15

Health: 0/37       AC:  2    Str: 10    XL:     4   Next: 8%
Magic:  4/7        EV: 10    Int: 17    God:
Gold:   51         SH:  0    Dex: 11    Spells: 2 memorised, 4 levels left

rFire  . . .     SeeInvis +     l - +0 hunting sling
rCold  . . .     Clarity  .     i - +0 robe
rNeg   . . .     SustAt   .     (no shield)
rPois  +         Gourm    .     (no helmet)
rElec  .         Spirit   .     (no cloak)
rCorr  .         Warding  .     (no gloves)
rMut   .         Stasis   +     (no barding)
MR     .....                    a - amulet of stasis
Stlth  ++........               (no ring)
                                (no ring)

@: short of breath, very slow, not resistant to hostile enchantments, unstealthy
A: see invisible, deformed body, poison resistance, slowness 2, slow metabolism
1, spit poison 2, AC +1
a: Spit Poison


You were on level 2 of the Dungeon.
You were not hungry.

You visited 1 branch of the dungeon, and saw 2 of its levels.

You collected 51 gold pieces.

Inventory:

Hand weapons
 g - a +0 club
 l - a +0 hunting sling (weapon)
 o - a +0 short sword
 p - a +0 short sword
 t - a +0 club
Missiles
 j - 16 arrows
 k - 24 stones (quivered)
 r - 4 tomahawks
Armour
 i - a +0 robe (worn)
Jewellery
 a - an amulet of stasis (around neck)
 h - a cursed ring of teleportation {unknown}
 s - an uncursed amulet of warding {unknown}
Scrolls
 d - 3 scrolls of remove curse {unknown}
 f - a scroll of fog
 n - 2 scrolls of identify {unknown}
Books
 b - a book of Flames

   Spells                             Type                      Level
   a - Flame Tongue                   Conjuration/Fire             1
   b - Throw Flame                    Conjuration/Fire             2
   c - Conjure Flame                  Conjuration/Fire             3
   d - Inner Flame                    Hexes/Fire                   3
   e - Sticky Flame                   Conjuration/Fire             4
   f - Fireball                       Conjuration/Fire             5


   Skills:
 + Level 0.4 Fighting
 + Level 0.6 Throwing
 + Level 1.9 Dodging
 + Level 3.2 Stealth
 + Level 2.4 Spellcasting
 + Level 1.5 Conjurations
 + Level 3.7 Fire Magic


You had 4 spell levels left.
You knew the following spells:

 Your Spells              Type           Power        Failure   Level  Hunger
a - Flame Tongue          Conj/Fire      ##...        10%         1    #......
b - Throw Flame           Conj/Fire      ##....       12%         2    ##.....


Dungeon Overview and Level Annotations

Branches:
Dungeon (2/15)

Altars:
The Shining One

Annotations:
D:2 Crazy Yiuf


Innate Abilities, Weirdness & Mutations

You cannot wear boots.
Your serpentine skin is tough (AC +1).
You have supernaturally acute eyesight.
Armour fits poorly on your strangely shaped body.
Your system is resistant to poisons.
You cover ground very slowly.
You have a slow metabolism.
You can spit poison.


Message History

Aim: Crazy Yiuf, wielding a quarterstaff of chaos and wearing a cloak (purple smoke, moderately wounded)
The splash of poison hits Crazy Yiuf.
Crazy Yiuf is poisoned.
Crazy Yiuf is severely wounded.
You feel slightly more hungry.
Crazy Yiuf hits you with a quarterstaff of chaos!
* * * LOW HITPOINT WARNING * * *
Crazy Yiuf burns you.
* * * LOW HITPOINT WARNING * * *
You feel protected.
Crazy Yiuf hits you with a quarterstaff of chaos!
* * * LOW HITPOINT WARNING * * *
Read which item? (? for menu, Esc to quit)
Okay, then.
Drink which item? (? for menu, Esc to quit)
It was a potion of cancellation.
Your magical effects are unravelling.
You feel magically purged.
Your resistance to elements expires.
Crazy Yiuf hits you with a quarterstaff of chaos.
You die...

### ♣♣#### #).§#♣♣
♣♣P.#.##
#(.§§g♣♣♣♣PP....#
#..§#♣@§♣.P♣....#
### ♣♣♣§♣...##.#
♣♣♣♣♣##..###
#....#### ###
#.##....## #..##
#......... #...#
#......... #...#
##.....[..
#..########).......


You could see Crazy Yiuf.

Vanquished Creatures
  Robin (D:1)
  An adder (D:2)
  3 goblins (D:1)
  11 hobgoblins
  8 kobolds
  6 bats
  2 giant newts
  8 rats (D:1)
  A bush (D:1)
  A fungus (D:2)
42 creatures vanquished.

Notes
Turn   | Place    | Note
--------------------------------------------------------------
     0 | D:1      | FakerFangirl the Naga Fire Elementalist began the quest for the Orb.
     0 | D:1      | Reached XP level 1. HP: 15/15 MP: 3/3
   279 | D:1      | Reached XP level 2. HP: 22/22 MP: 3/5
   441 | D:1      | Learned a level 2 spell: Throw Flame
  1171 | D:1      | Reached XP level 3. HP: 28/28 MP: 4/6
  1382 | D:2      | Noticed Robin
  1601 | D:1      | Killed Robin
  1613 | D:2      | Reached XP level 4. HP: 24/37 MP: 1/7
  1682 | D:2      | Found a glowing golden altar of the Shining One.
  1881 | D:2      | Noticed Crazy Yiuf
  1893 | D:2      | HP: 1/37 [Crazy Yiuf/quarterstaff of chaos (7)]
  1894 | D:2      | Slain by Crazy Yiuf

Vault maps used:
D:1:      dpeg_arrival_simpleton_a, serial_forest, infiniplex_forest_straight_3,
          infiniplex_forest_clump_small, infiniplex_forest_zigzag_1,
          infiniplex_forest_corner_1, infiniplex_forest_clump_curved,
          infiniplex_forest_clump_double, infiniplex_forest_clump_curved,
          infiniplex_forest_zigzag_1, serial_bayou_pond_d
D:2:      tso_metal_star, zin_angel, tgw_fedhas, uniq_crazy_yiuf_cottage,
          uniq_robin, uniq_jessica

Action                   |  1- 3 |  4- 6 || total
-------------------------+-------+-------++-------
Melee: Club              |   139 |       ||   139
 Fire: Hunting sling     |    19 |     3 ||    22
Throw: Stone             |    27 |       ||    27
 Cast: Flame Tongue      |    66 |    17 ||    83
       Throw Flame       |     2 |       ||     2
 Abil: Spit Poison       |     3 |     2 ||     5
  Use: Potion            |       |     3 ||     3
       Scroll            |       |     2 ||     2
  Eat: Bread ration      |     1 |       ||     1
